 Dungeon Crawl Stone Soup version 0.28-a0-101-g18048e5a82 (webtiles) character file.

Game seed: 5236434643909194070

2695 ZeroWinrate the Fighter (level 9, -1/71 HPs)
             Began as a Djinni Conjurer on Aug 10, 2021.
             Slain by a yak (13 damage)
             ... on level 9 of the Dungeon.
             The game lasted 00:19:05 (11037 turns).

ZeroWinrate the Fighter (Djinni Conjurer)          Turns: 11037, Time: 00:19:05

Health: -1/71      AC:  4    Str:  6    XL:     9   Next: 96%
Gold:   455        EV: 14    Int: 22    God:
                   SH:  0    Dex: 13

rFire   + + .      SeeInvis .   m - +3 whip (pain)
rCold   x . .      Faith    .   (no shield)
rNeg    . . .      Spirit   .   a - +0 robe
rPois   ∞          Reflect  .   (no helmet)
rElec   .          Harm     .   d - +1 cloak
rCorr   .          Rampage  .   (no gloves)
Will    .....                   (boots unavailable)
Stlth   ++........              (no amulet)
HPRegen 0.21/turn               b - +4 ring of slaying
MPRegen 0.00/turn               (no ring)

@: flying
A: sickness immunity, fire resistance 2, cold vulnerability 1, float, innate
caster, hp casting, extra vitality 1
a: no special abilities


You were on level 9 of the Dungeon.
You visited 2 branches of the dungeon, and saw 10 of its levels.
You also visited: Ossuary.

You collected 455 gold pieces.

Inventory:

Hand Weapons
 m - a +3 whip of pain (weapon)
Missiles
 s - 7 javelins
Armour
 a - a +0 robe (worn)
 d - a +1 cloak (worn)
 p - a +0 buckler
Jewellery
 b - a +4 ring of slaying (left hand)
 u - a ring of fire
Wands
 y - a wand of iceblast (1)
Scrolls
 c - a scroll of magic mapping
 e - 3 scrolls of identify
 l - a scroll of blinking
 n - 3 scrolls of silence
Potions
 f - 7 potions of curing
 g - a potion of lignification
 h - 2 potions of brilliance {unknown}
 i - 4 potions of haste {unknown}
 j - 2 potions of magic {unknown}
 k - 3 potions of might {unknown}
 o - a potion of degeneration {unknown}
 q - 3 potions of flight {unknown}
 r - 3 potions of heal wounds {unknown}
 x - a potion of mutation {unknown}
 z - a potion of berserk rage {unknown}
 A - 2 potions of attraction {unknown}


   Skills:
 + Level 8.4 Fighting
 + Level 5.5 Dodging
 - Level 1.5 Stealth
 + Level 7.3 Spellcasting


You couldn't memorise any spells.
You knew the following spells:

 Your Spells              Type           Power      Damage    Failure   Level
a - Magic Dart            Conj           100%       1d8       1%          1
b - Searing Ray           Conj           80%        3d6       1%          2
c - Dazzling Flash        Conj/Hex       80%        N/A       1%          3
d - Fulminant Prism       Conj/Hex       20%        3d13      3%          4
e - Iskenderun's Mystic   Conj/Tloc      40%        2d9       3%          4
f - Foxfire               Conj/Fire      100%       2x1d9     1%          1
g - Corpse Rot            Necr/Air       N/A        N/A       1%          2
h - Static Discharge      Conj/Air       40%        N/A       1%          2
i - Vampiric Draining     Necr           20%        2d8       1%          3
Your spell library was empty.

Dungeon Overview and Level Annotations

Branches:
Dungeon (9/15)             Temple (1/1) D:6         Ossuary (visited)
   Lair: D:8-11         Orc: D:9-12

Altars:
Cheibriados
Dithmenos
Elyvilon
Gozag
Hepliaklqana
Kikubaaqudgha
Nemelex Xobeh
Okawaru
Qazlal
Ru
Trog
Uskayaw
Vehumet
Wu Jian
Xom
Yredelemnul
Zin
The Shining One

Shops:
D:8 [

Annotations:
D:8 Gastronok, Maggie
D:9 Erica


Innate Abilities, Weirdness & Mutations

You are immune to sickness and miasma.
You are immune to poison.
Your flesh is very heat resistant. (rF++)
You are vulnerable to cold. (rC-)
You float through the air rather than walking.
You learn spells naturally, not from books.
Your magical power is your life essence.
You have superior vitality. (+4 HP)


Message History

The kobold brigand is struck by an arc of lightning.
The kobold brigand is severely wounded.
The lightning grounds out.
The yak gores you! The kobold brigand misses you.
Unknown command.
Okay, then.
Unknown command.
Unknown command.
The yak gores you.
* * * LOW HITPOINT WARNING * * *
The kobold brigand closely misses you.
Unknown command.
Unknown command.
Unknown command.
The yak gores you!
* * * LOW HITPOINT WARNING * * *
The kobold throws a poisoned dart.
The poisoned dart misses you.
A killer bee comes into view.
Unknown command.
Unknown command.
Unknown command.
Erica the Fiery-Tempered comes into view.
She is wielding a +4 scimitar of flaming.
Unknown command.
Unknown command.
Unknown command.
Unknown command.
Okay, then.
Unknown command.
You feel better.
A killer bee comes into view.
The yak gores you!
* * * LOW HITPOINT WARNING * * *
A killer bee comes into view.
Erica gestures wildly while chanting.
Erica flickers and vanishes!
Deactivating autopickup; reactivate with Ctrl-A.
The yak barely misses you.
You feel better.
The killer bee stings you but does no damage.
The yak gores you!
You die...

........#
........#
...[....#
......))#
......KK#####
.......KZ...#.#
########KK....#
#Y###...# # #@#
#.. . #y# . ...
. .y... .
#...... .
........ .
.......... .
............ .
.


You could see a yak, a kobold brigand, 2 killer bees, a hornet zombie and 3
kobolds.

Vanquished Creatures
  3 yaks
  A sky beast (D:3)
  2 ice beasts
  2 ogres
  A centaur (D:7)
  A kobold brigand (D:7)
  4 bullfrogs
  4 scorpions
  A wyvern zombie (D:8)
  A water moccasin skeleton (D:6)
  A wight (D:8)
  3 killer bees (D:7)
  A lava snake (D:8)
  A jelly (D:5)
  9 hounds
  An orc priest (D:3)
  A centaur skeleton (D:4)
  Jessica (D:2)
  2 iguanas (D:6)
  2 orc wizards
  8 mummies (Ossuary)
  5 adders
  10 gnolls
  A howler monkey skeleton (D:7)
  An ufetubus (D:7)
  6 worms
  3 dart slugs
  12 orcs
  7 ball pythons
  5 endoplasms
  4 giant cockroaches
  6 goblins
  8 hobgoblins
  8 jackals
  3 quokkas
  7 bats
  5 frilled lizards
  A gnoll zombie (Ossuary)
  4 hobgoblin zombies (Ossuary)
  12 kobolds
  A kobold zombie (Ossuary)
  2 orc zombies (Ossuary)
  11 rats
172 creatures vanquished.

Vanquished Creatures (others)
  36 foxfires
  10 fulminant prisms
  12 plants
58 creatures vanquished.

Grand Total: 230 creatures vanquished

Notes
Turn   | Place    | Note
-------+----------+-------------------------------------------
     0 | D:1      | ZeroWinrate the Djinni Conjurer began the quest for the
                  | Orb.
     0 | D:1      | Reached XP level 1. HP: 15/15 MP: 0/0
     4 | D:1      | Noticed a merfolk
     9 | D:1      | Noticed an ogre
    13 | D:1      | Noticed an elf
    13 | D:1      | Noticed a dwarf
    17 | D:1      | Noticed a vampire
    21 | D:1      | Noticed a merfolk zombie
   226 | D:1      | Reached skill level 1 in Fighting
   226 | D:1      | Reached XP level 2. HP: 19/22 MP: 0/0
   857 | D:1      | Reached XP level 3. HP: 26/27 MP: 0/0
   857 | D:1      | Learned a level 1 spell: Foxfire
  1718 | D:2      | Noticed Jessica
  1721 | D:2      | Killed Jessica
  1722 | D:2      | Reached skill level 2 in Fighting
  1722 | D:2      | Reached XP level 4. HP: 31/34 MP: 0/0
  2351 | D:2      | Reached XP level 5. HP: 38/40 MP: 0/0
  2351 | D:2      | Learned a level 2 spell: Corpse Rot
  2660 | D:2      | Reached skill level 3 in Fighting
  3003 | D:2      | Found a faded altar of an unknown god.
  3133 | D:3      | Noticed a sky beast
  3158 | D:3      | Killed a sky beast
  3159 | D:3      | Reached XP level 6. HP: 36/47 MP: 0/0
  3270 | D:3      | Reached skill level 4 in Fighting
  3850 | D:3      | Found an opulent altar of Gozag.
  4064 | D:4      | Reached XP level 7. HP: 48/53 MP: 0/0
  4064 | D:4      | Learned a level 2 spell: Static Discharge
  4095 | D:4      | Found a sacrificial altar of Ru.
  4186 | D:4      | Found a shadowy altar of Dithmenos.
  4200 | D:4      | Reached skill level 5 in Spellcasting
  4344 | D:4      | Found a glowing golden altar of the Shining One.
  4344 | D:4      | Found a glowing silver altar of Zin.
  4345 | D:4      | Found a basalt altar of Yredelemnul.
  4531 | D:5      | Entered Level 5 of the Dungeon
  4556 | D:5      | Reached skill level 5 in Fighting
  4828 | D:5      | Found a bloodstained altar of Trog.
  4869 | D:5      | Reached XP level 8. HP: 39/61 MP: 0/0
  5176 | D:5      | Reached skill level 6 in Fighting
  5910 | D:6      | Found a sparkling altar of Nemelex Xobeh.
  5915 | D:6      | Identified a scroll of acquirement
  5915 | D:6      | Acquired a +4 ring of slaying
  6031 | D:6      | Found a staircase to the Ecumenical Temple.
  6456 | D:6      | Found a sand-covered staircase.
  6512 | Ossuary  | Entered an ossuary
  7523 | D:6      | Reached skill level 7 in Fighting
  7664 | D:7      | Reached XP level 9. HP: 47/68 MP: 0/0
  7664 | D:7      | Learned a level 3 spell: Vampiric Draining
  9152 | D:8      | Noticed Maggie
  9259 | Temple   | Entered the Ecumenical Temple
 10025 | D:7      | Reached skill level 8 in Fighting
 10151 | D:7      | Reached skill level 5 in Dodging
 10732 | D:8      | Noticed Gastronok
 10921 | D:8      | Found a white marble altar of Elyvilon.
 11010 | D:8      | Found Tusailur's Armour Shop.
 11034 | D:9      | Noticed Erica
 11037 | D:9      | Slain by a yak

Illustrated notes

Levels and vault maps discovered:
D:1:      shiori_arrival_whats_in_store_for_you, layout_basic,
          grunt_decor_resistance, hangedman_feature_mirror, serial_bayou_pond_c
D:2:      layout_loops_ring, shapermc_ecumenical_altar_rom_forum,
          minmay_tetromino_t2, uniq_jessica
D:3:      layout_loops_ring, mainiacjoe_overflow_paths
D:4:      layout_cave_pools, lemuel_crystal_altar,
          gammafunk_temple_overflow_claw, mainiacjoe_overflow_brackets
D:5:      layout_basic, lemuel_crystal_altar
D:6:      layout_basic, mainiacjoe_overflow_small_starburst,
          minmay_temple_entry_junction, enter_ossuary_1, hangedman_decor_lopped
D:7:      layout_basic
D:8:      layout_cave_pools, nicolae_elyvilon_temple_path,
          ashenzari_conservatory_becter, makhleb_blood_cavern_becter,
          mainiacjoe_overflow_alcove_2, serial_gnoll_camp,
          gnoll_camp_mini_doghouse, gnoll_camp_mini_hut, gnoll_camp_mini_shop,
          gnoll_camp_huts_moat, nicolae_lava_and_water, uniq_gastronok,
          uniq_maggie
D:9:      layout_rooms, lair_entry_dummy, minmay_misc_feat_enclosed,
          nicolae_wooded_promenade, uniq_erica
Temple:   jpeg_temple_island

Skill      XL: |  1  2  3  4  5  6  7  8  9 |
---------------+----------------------------+-----
Fighting       | 1 2 3 4 5 7 8 |  8.4
Spellcasting   | 4 5 6 7 |  7.3
Dodging        | 5 |  5.5
Stealth        | |  1.5

Action                   |  1- 3 |  4- 6 |  7- 9 || total
-------------------------+-------+-------+-------++-------
Melee: Dagger            |       |     2 |    10 ||    12
       Whip              |       |       |    24 ||    24
 Cast: Magic Dart        |    59 |    86 |   102 ||   247
       Searing Ray       |     1 |    13 |    20 ||    34
       Foxfire           |       |     2 |    22 ||    24
       Static Discharge  |       |       |    10 ||    10
       Fulminant Prism   |       |       |    10 ||    10
       Vampiric Draining |       |       |    19 ||    19
       Corpse Rot        |       |       |     1 ||     1
       Dazzling Flash    |       |       |     1 ||     1
Evoke: Wand              |       |       |     8 ||     8
  Use: Scroll            |       |       |    11 ||    11
       Potion            |       |       |     2 ||     2
Armor: Robe              |     2 |     1 |    31 ||    34
Dodge: Dodged            |     3 |     6 |   123 ||   132

Table legend: (Time is in decaauts)
 A = Elapsed time spent in this place.
 B = Non-inter-level travel time spent in this place.
 C = Inter-level travel time spent in this place.
 D = Time resting spent in this place.
 E = Time spent auto-exploring this place.
 F = Levels seen in this place.
 G = Mean time per level.
                   A        B        C        D        E       F      G
               +--------+--------+--------+--------+--------+-----+--------+
         Total |  11043 |  10634 |    409 |   2014 |   7483 |  11 | 1003.9 |
       Dungeon |  10114 |   9725 |    389 |   1740 |   6906 |   9 | 1123.8 |
        Temple |    490 |    471 |     19 |      0 |    471 |   1 |  490.0 |
       Ossuary |    437 |    437 |      0 |    274 |    106 |   1 |  437.0 |
               +--------+--------+--------+--------+--------+-----+--------+

Top non-repeatable levels by time:
     D:7: 2352 daAuts
     D:1: 1583 daAuts
     D:2: 1540 daAuts
     D:6: 1417 daAuts
     D:5: 1322 daAuts
     D:3: 848 daAuts
     D:4: 557 daAuts
  Temple: 490 daAuts
     D:8: 475 daAuts
 Ossuary: 437 daAuts
     D:9: 16 daAuts
